 Dungeon Crawl Stone Soup version 0.13-a0-2979-gb6a86b3 (webtiles) character file.

406 Econoterrorist the Charmwright (level 5, -7/38 HPs)
             Began as a Merfolk Skald on Sept 7, 2013.
             Killed by divine providence
             ... invoked by an orc priest
              (9 damage)
             ... on Level 4 of the Dungeon.
             The game lasted 00:33:10 (3782 turns).

Econoterrorist the Charmwright (Merfolk Skald)      Turns: 3782, Time: 00:33:10

HP  -7/38        AC  6     Str 13      XL: 5   Next: 59%
MP   5/9         EV 12     Int 12      God:
Gold 227         SH  0     Dex 13      Spells:  3 memorised,  2 levels left

Res.Fire  : . . .   See Invis. : .   p - +1,+0 spear
Res.Cold  : . . .   Warding    : .   h - +0 leather armour (curse)
Life Prot.: . . .   Conserve   : .   (no shield)
Res.Poison: .       Res.Corr.  : .   (no helmet)
Res.Elec. : .       Clarity    : .   o - +2 cloak
Sust.Abil.: . .     Spirit.Shd : .   (no gloves)
Res.Mut.  : .       Rnd.Telep. : +   (no boots)
Res.Rott. : .       Flight     : .   (no amulet)
Saprovore : . . .                    (no ring)
                                     r - cursed ring of teleportation

@: shrouded, slightly resistant to hostile enchantments, very unstealthy
A: change form in water, swift swim
a: Evoke Teleportation


You were on level 4 of the Dungeon.
You were hungry.

You visited 1 branch of the dungeon, and saw 4 of its levels.

You collected 207 gold pieces.

Inventory:

Hand weapons
 a - a +0,+0 spear (quivered)
 p - a +1,+0 spear (weapon)
Armour
 h - a cursed +0 leather armour (worn)
 o - a +2 cloak (worn)
 t - a +0 robe
Comestibles
 d - 4 bread rations
 n - 2 meat rations
Scrolls
 e - 2 scrolls of teleportation
 g - 3 scrolls of identify
 i - a scroll of recharging {unknown}
Jewellery
 r - a cursed ring of teleportation (left hand)
 u - an uncursed ring of invisibility
Potions
 b - a potion of curing
 k - 2 potions of restore abilities
 l - a potion of slowing {unknown}
 q - a potion of paralysis {unknown}
 s - a potion of agility {unknown}
Books
 c - a book of Battle

   Spells                             Type                      Level
   *Infusion                          Charms                       1
   *Shroud of Golubria                Charms/Translocation         2
   Song of Slaying                    Charms                       2
   Spectral Weapon                    Hexes/Charms                 3
   *Regeneration                      Charms/Necromancy            3
   Song of Shielding                  Charms                       4


   Skills:
 - Level 2.1 Fighting
 - Level 4.0 Polearms
 - Level 0.6 Armour
 - Level 3.1 Dodging
 - Level 2.0 Spellcasting
 - Level 5.0 Charms
 * Level 1.0 Necromancy
 * Level 1.2 Translocations


You had 2 spell levels left.
You knew the following spells:

 Your Spells              Type           Power        Failure   Level  Hunger
a - Infusion              Chrm           ##....       3%          1    ##.....
b - Shroud of Golubria    Chrm/Tloc      #.........   12%         2    ###....
c - Regeneration          Chrm/Necr      #.........   24%         3    ####...


Dungeon Overview and Level Annotations

Branches:
Dungeon (4/27)
 Temple: D:4-7

Altars:

Shops:
D:4 }(/


Message History

The orc is lightly wounded.
The orc priest looks braver.
The orc wizard mumbles some strange words.
The orc wizard seems to speed up.
The orc barely misses you.
You hit the orc.
The orc is moderately wounded.
The orc priest mumbles some strange prayers to Beogh against you.
Something smites you!
You closely miss the orc.
The orc is moderately wounded.
The orc shouts!
The orc barely misses you.
The orc priest invokes the aid of Beogh against you.
Something smites you!
The orc priest invokes the aid of Beogh against you.
Something smites you!
* * * LOW HITPOINT WARNING * * *
The orc priest calls down the wrath of Beogh upon you.
Something smites you!
You die...

#.# #. #.# #.# #.#
#######'## #.# #........#
#h# #........# #.########
#........# #...o?..#.
#........########o.####.#.
#........@..ooho.o..# #.
#........########o###.####
#........# #..##.....
#######'## ##.##.#### ..#
#.# #. .### #.####.#. #.
#...[..#. . #.####### .#
####.#####


You could see 2 orc priests, an orc wizard, 3 orcs and a jackal.

Vanquished Creatures
  8 adders
  2 worms (D:3)
  A giant eyeball (D:3)
  3 giant geckos
  6 orcs
  2 giant cockroaches (D:2)
  8 hobgoblins
  3 quokkas
  A ball python (D:3)
  12 bats
  7 giant newts
  8 goblins
  8 jackals
  8 kobolds
  6 rats
  A plant (D:1)
84 creatures vanquished.

Notes
Turn   | Place    | Note
--------------------------------------------------------------
     0 | D:1      | Econoterrorist, the Merfolk Skald, began the quest for the Orb.
     0 | D:1      | Reached XP level 1. HP: 15/15 MP: 3/3
   548 | D:1      | Reached XP level 2. HP: 21/21 MP: 5/5
   552 | D:1      | Learned a level 2 spell: Shroud of Golubria
   596 | D:1      | HP: 1/21 [jackal (1)]
  1311 | D:2      | Reached XP level 3. HP: 22/26 MP: 6/6
  1336 | D:2      | Learned a level 3 spell: Regeneration
  1433 | D:2      | Reached skill level 4 in Charms
  1454 | D:2      | Reached XP level 4. HP: 17/33 MP: 4/8
  2419 | D:3      | Reached skill level 5 in Charms
  2470 | D:3      | Reached XP level 5. HP: 33/38 MP: 6/9
  2708 | D:3      | Reached skill level 1 in Translocations
  3054 | D:4      | Found Guteq's Magical Wand Shop.
  3150 | D:4      | Found Xiej's Weapon Shop.
  3174 | D:4      | Found Gheapt's Gadget Shop.
  3373 | D:4      | Reached skill level 1 in Necromancy
  3782 | D:4      | Killed from afar by an orc priest

Action                   |  1- 3 |  4- 6 || total
-------------------------+-------+-------++-------
Melee: Spear             |   224 |   248 ||   472
 Cast: Infusion          |     7 |    10 ||    17
       Shroud of Golubri |       |     3 ||     3
       Regeneration      |       |     5 ||     5
  Use: Scroll            |       |     9 ||     9
       Potion            |       |     3 ||     3
